 Dungeon Crawl Stone Soup version 0.28.0-45-g0d030f2227 (webtiles) character file.

Game seed: 13621638625462294594

1040 sking99 the Skirmisher (level 8, -4/75 HPs)
             Began as a Black Draconian Earth Elementalist on May 20, 2022.
             Was an Initiate of Nemelex Xobeh.
             Slain by a two-headed ogre
             ... wielding a +0 giant club
              (10 damage)
             ... on level 5 of the Dungeon.
             The game lasted 00:12:49 (5299 turns).

sking99 the Skirmisher (DrEE)                       Turns: 5299, Time: 00:12:50

Health: -4/75      AC:  7    Str: 15    XL:     8   Next: 4%
Magic:  1/11       EV: 12    Int: 17    God:    Nemelex Xobeh [......]
Gold:   185        SH:  0    Dex: 18    Spells: 2/12 levels left

rFire   . . .      SeeInvis .   g - +3 dagger "Uthopeto" {protect, rCorr Str+4}
rCold   . . .      Faith    .   (no shield)
rNeg    . . .      Spirit   .   (armour unavailable)
rPois   .          Reflect  .   (helmet restricted)
rElec   +          Harm     .   h - +0 cloak
rCorr   +          Rampage  .   (no gloves)
Will    .....                   (no boots)
Stlth   ++........              (no amulet)
HPRegen 0.22/turn               i - ring of wizardry
MPRegen 0.12/turn               l - +6 ring of dexterity

@: short of breath
A: breathe lightning, AC +6, unfitting armour, electricity resistance,
cold-blooded, robust 1
a: Breathe Lightning, Renounce Religion, Draw Escape, Draw Destruction, Draw
Summoning


You were on level 5 of the Dungeon.
You worshipped Nemelex Xobeh.
Nemelex Xobeh was noncommittal.
You visited 1 branch of the dungeon, and saw 5 of its levels.

You collected 185 gold pieces.

Inventory:

Hand Weapons
 g - the +3 dagger "Uthopeto" (weapon) {protect, rCorr Str+4}
   (You found it on level 2 of the Dungeon)

   It grants its wielder temporary protection when it strikes (+7 to AC).
   Str:       It affects your strength (+4).
   rCorr:     It protects you from acid and corrosion.
Missiles
 b - 51 stones (quivered)
Armour
 h - a +0 cloak (worn)
Magical Staves
 c - a staff of air
Jewellery
 i - a ring of wizardry (left hand)
 l - a +6 ring of dexterity (right hand)
Scrolls
 d - 2 scrolls of fear
Potions
 a - 2 potions of might
 e - a potion of ambrosia {unknown}
 f - a potion of cancellation {unknown}
 j - a potion of mutation
 k - a potion of heal wounds {unknown}


   Skills:
 - Level 5.4 Fighting
 + Level 2.1 Dodging
 - Level 1.7 Stealth
 - Level 2.5 Spellcasting
 - Level 4.0 Conjurations
 - Level 2.0 Transmutations
 + Level 5.3 Earth Magic
 + Level 1.0 Invocations


You had 2 spell levels left.
You knew the following spells:

 Your Spells              Type           Power      Damage    Failure   Level
a - Sandblast             Erth           40%        2d10      1%          1
b - Stone Arrow           Conj/Erth      36%        3d9       3%          3
c - Passwall              Tmut/Erth      11%        N/A       2%          2
d - Petrify               Tmut/Erth      14%        N/A       16%         4

Your spell library contained the following spells:

 Spells                   Type           Power      Damage    Failure   Level
 Ensorcelled Hibernation  Hex/Ice        4%         N/A       12%         2
 Inner Flame              Hex/Fire       2%         N/A       22%         3
 Portal Projectile        Hex/Tloc       4%         N/A       22%         3
 Swiftness                Air            2%         N/A       22%         3
 Cause Fear               Hex            1%         N/A       56%         4
 Blade Hands              Tmut           4%         N/A       63%         5
 Excruciating Wounds      Necr           1%         N/A       87%         5
 Discord                  Hex            1%         N/A       100%        8


Dungeon Overview and Level Annotations

Branches:
Dungeon (5/15)
 Temple: D:4-7

Altars:
Kikubaaqudgha
Nemelex Xobeh
Okawaru
Trog
Zin
The Shining One

Shops:
D:3 :


Innate Abilities, Weirdness & Mutations

You can breathe wild blasts of lightning.
Your glossy black scales are hard. (AC +6)
You cannot fit into any form of body armour.
You are resistant to electric shocks. (rElec)
You are cold-blooded and may be slowed by cold attacks.
You are robust. (+10% HP)


Message History

The two-headed ogre is moderately wounded.
b - 54 stones The two-headed ogre hits you with a +0 giant club!
The two-headed ogre hits you with a +0 giant club.
Okay, then.
Casting: Sandblast (safe; 1% risk of failure)
Confirm with . or Enter, or press ? or * to list all spells.
Aiming: Sandblast (safe; 1% risk of failure)
Press: ? - help, Shift-Dir - straight line, f/p - two-headed ogre
Aim: a two-headed ogre, wielding two +0 giant clubs (moderately wounded, 91% to hit)
The blast of sand hits the two-headed ogre but does no damage.
The two-headed ogre is moderately wounded.
b - 53 stones The two-headed ogre barely misses you.
The two-headed ogre hits you with a +0 giant club!!
* * * LOW HITPOINT WARNING * * *
Casting: Sandblast (safe; 1% risk of failure)
Confirm with . or Enter, or press ? or * to list all spells.
Aiming: Sandblast (safe; 1% risk of failure)
Press: ? - help, Shift-Dir - straight line, f/p - two-headed ogre
Aim: a two-headed ogre, wielding two +0 giant clubs (moderately wounded, 91% to hit)
The blast of sand hits the two-headed ogre but does no damage.
The two-headed ogre is moderately wounded.
b - 52 stones The two-headed ogre misses you.
The two-headed ogre hits you with a +0 giant club.
* * * LOW HITPOINT WARNING * * *
Casting: Sandblast (safe; 1% risk of failure)
Confirm with . or Enter, or press ? or * to list all spells.
Aiming: Sandblast (safe; 1% risk of failure)
Press: ? - help, Shift-Dir - straight line, f/p - two-headed ogre
Aim: a two-headed ogre, wielding two +0 giant clubs (moderately wounded, 91% to hit)
The blast of sand hits the two-headed ogre.
The two-headed ogre is heavily wounded.
b - 51 stones It was a potion of mutation.
You feel extremely strange.
You feel robust.
The two-headed ogre hits you with a +0 giant club!
You die...
Your body disappears without a glow.

#.....#####...##
####### ###..##
##..## # ##..## ##
#...## .## ##...#
..## #...# ...#
#O..# #..## ##@..#
#...#### ####<...#
#......#####......##
........>.........#
........(........##
.................#
.................##
............###...##
....#....####
###..##


You could see a two-headed ogre.

Vanquished Creatures
  Grinder (D:3)
  Sigmund (D:2)
  A necrophage (D:4)
  An ogre (D:4)
  A scorpion (D:5)
  A jelly (D:4)
  A bullfrog skeleton (D:4)
  2 iguanas (D:4)
  5 orc wizards
  A hound skeleton (D:4)
  3 gnolls (D:2)
  8 adders
  2 adder skeletons (D:4)
  A dart slug (D:2)
  2 worms
  16 orcs
  10 endoplasms
  2 giant cockroaches (D:2)
  6 goblins
  5 hobgoblins
  7 kobolds
  6 quokkas
  3 ball pythons
  6 bats
  5 frilled lizards
  6 rats
103 creatures vanquished.

Notes
Turn   | Place    | Note
-------+----------+-------------------------------------------
     0 | D:1      | sking99 the Draconian Earth Elementalist began the quest
                  | for the Orb.
     0 | D:1      | Reached XP level 1. HP: 14/14 MP: 3/3
   354 | D:1      | Reached XP level 2. HP: 22/22 MP: 0/5
   846 | D:1      | Learned a level 2 spell: Passwall
  1141 | D:2      | Reached skill level 1 in Fighting
  1344 | D:2      | Reached XP level 3. HP: 28/28 MP: 1/6
  1400 | D:2      | Learned a level 3 spell: Stone Arrow
  1414 | D:2      | Identified the +3 dagger "Uthopeto" {protect, rCorr Str+4}
  1697 | D:2      | Reached XP level 4. HP: 34/35 MP: 5/7
  2136 | D:2      | Noticed Sigmund
  2145 | D:2      | Killed Sigmund
  2146 | D:2      | Reached skill level 5 in Earth Magic
  2146 | D:2      | Reached XP level 5. HP: 27/44 MP: 0/8
  2680 | D:3      | Noticed Grinder
  2763 | D:3      | Found Xoel's Book Shop.
  2767 | D:3      | Reached XP level 6. HP: 51/51 MP: 5/9
  3017 | D:3      | Found an iron altar of Okawaru.
  3100 | D:3      | Killed Grinder
  3101 | D:3      | Reached skill level 1 in Conjurations
  3177 | D:3      | Found an ancient bone altar of Kikubaaqudgha.
  3218 | D:3      | Found a glowing golden altar of the Shining One.
  3460 | D:4      | Your scales start taking on a glossy black colour.
  3460 | D:4      | Reached XP level 7. HP: 59/59 MP: 7/10
  3460 | D:4      | Gained mutation: You are resistant to electric shocks.
                  | (rElec) [Black Draconian growth]
  3579 | D:4      | Noticed a moth of wrath
  3582 | D:4      | Found a bloodstained altar of Trog.
  3903 | D:4      | Found a sparkling altar of Nemelex Xobeh.
  4206 | D:4      | Found a glowing silver altar of Zin.
  4223 | D:4      | Reached skill level 5 in Earth Magic
  4235 | D:4      | Reached skill level 5 in Fighting
  4947 | D:4      | Became a worshipper of Nemelex Xobeh the Trickster
  4960 | D:5      | Entered Level 5 of the Dungeon
  4980 | D:5      | Reached XP level 8. HP: 69/69 MP: 4/11
  5153 | D:5      | Noticed a two-headed ogre
  5198 | D:5      | Reached skill level 1 in Invocations
  5240 | D:5      | Learned a level 4 spell: Petrify
  5299 | D:5      | Gained mutation: You are robust. (+10% HP) [potion of
                  | mutation]
  5299 | D:5      | Slain by a two-headed ogre

Illustrated notes

Levels and vault maps discovered:
D:1:      heliophobic_arrival_glass_houses, layout_basic
D:2:      layout_loops_cross, minmay_circle_x, uniq_sigmund
D:3:      layout_rooms, mainiacjoe_overflow_tiny_flanked,
          okawaru_metal_pillars_1_2, mainiacjoe_overflow_six_doors_small,
          serial_shops, shop, uniq_grinder
D:4:      layout_cave_pools, kennysheep_mini, tgw_trog, lemuel_round_altar
D:5:      layout_layer_cave

Skill      XL: |  1  2  3  4  5  6  7  8 |
---------------+-------------------------+-----
Fighting       | 1 2 3 4 5 |  5.4
Transmutations | 2 |  2.0
Earth Magic    | 5 4 5 |  5.3
Conjurations   | 2 4 |  4.0
Dodging        | 2 |  2.1
Invocations    | 1 |  1.0
Stealth        | |  1.7
Spellcasting   | |  2.5

Action                   |  1- 3 |  4- 6 |  7- 9 || total
-------------------------+-------+-------+-------++-------
Melee: Unarmed           |     3 |       |       ||     3
       Dagger            |       |     5 |     8 ||    13
       Staff             |       |       |     4 ||     4
       Tailslap          |       |       |     1 ||     1
       Punch             |       |       |     1 ||     1
Throw: Throwing net      |       |     1 |       ||     1
 Cast: Sandblast         |    42 |    54 |    79 ||   175
       Stone Arrow       |       |       |     9 ||     9
 Abil: Breathe Lightning |       |       |     2 ||     2
  Use: Scroll            |       |       |     8 ||     8
       Potion            |       |       |     1 ||     1
 Stab: Sleeping          |       |     1 |       ||     1
Armor: Skin              |     5 |    20 |    23 ||    48
Dodge: Dodged            |    21 |    22 |    28 ||    71
